[ AOE2 MATCH · #507509808 ]
UnrankedPersians vs Wei
[ REPLAY ANALYSIS · EXTRACTED FROM THE RECORDED GAME ]
Feudal
11:39
Castle
15:34
Imperial
—
| APM avg | 32.2 |
| APM peak | 88 |
| eAPM avg | 20.1 |
| Villagers / military | 75 / 0 |
Focus
⚔️ 5.3% · 🌾 94.7%
Feudal
10:10
Castle
14:51
Imperial
—
| APM avg | 29.7 |
| APM peak | 86 |
| eAPM avg | 15.6 |
| Villagers / military | 41 / 0 |
Focus
⚔️ 24.4% · 🌾 75.6%
Feudal
—
Castle
—
Imperial
—
| APM avg | 3.4 |
| APM peak | 61 |
| eAPM avg | 1.4 |
| Villagers / military | 4 / 0 |
Focus
⚔️ 27.3% · 🌾 72.7%
Feudal
—
Castle
—
Imperial
—
| APM avg | 9.3 |
| APM peak | 42 |
| eAPM avg | 4.6 |
| Villagers / military | 32 / 0 |
Focus
⚔️ 6.6% · 🌾 93.4%
Feudal
—
Castle
—
Imperial
—
| APM avg | 15.3 |
| APM peak | 67 |
| eAPM avg | 6.8 |
| Villagers / military | 32 / 0 |
Focus
⚔️ 26.7% · 🌾 73.3%
Feudal
10:59
Castle
14:13
Imperial
—
| APM avg | 39.3 |
| APM peak | 92 |
| eAPM avg | 21.2 |
| Villagers / military | 52 / 9 |
Focus
⚔️ 21.3% · 🌾 78.7%
Battering Ram ×6 · Ballista Elephant ×2 · Mangonel ×1
Feudal
—
Castle
—
Imperial
—
| APM avg | 19.9 |
| APM peak | 111 |
| eAPM avg | 5.0 |
| Villagers / military | 29 / 0 |
Focus
⚔️ 21.8% · 🌾 78.2%
Feudal
11:00
Castle
14:34
Imperial
—
| APM avg | 38.6 |
| APM peak | 71 |
| eAPM avg | 16.1 |
| Villagers / military | 46 / 12 |
Focus
⚔️ 18.4% · 🌾 81.6%
Petard ×8 · Battering Ram ×4
Match map
Initial resources + every placement click. Lines = walls · curves = elevation contours. ◆ gold · ⬟ stone · ● berries · ✦ relic · ◌ wall gap
Your base· ✓ Closed at 15:34 · 0t walls · 2 gate(s)
FxSquale's base· ✓ Closed at 14:51 · 0t walls · 3 gate(s)
赢是我太强 输是队友烂's base· ✓ Closed at 12:00 · 0t walls · 2 gate(s)
Sergio's base· ✓ Closed at 12:00 · 1t walls · 4 gate(s)
τττPleaseAttackMyTeamatesFirs's base· ✓ Closed at 12:00 · 0t walls · 2 gate(s)
Dr. Kenzo Tenma's base· ✓ Closed at 14:13 · 0t walls · 2 gate(s)
Ares_Hong Bang- Trieu Dynasty's base· ✓ Closed at 12:00 · 0t walls · 2 gate(s)
gjizhijian6866's base· ✓ Closed at 14:34 · 0t walls · 2 gate(s)
Smoothed initial terrain · ◌ = detected wall gap · hover for details
Inputs per minute
— TdB.victor2.01 - - FxSquale
Build order — TdB.victor2.01
First 150 of 155 actions detected
| 0:01 | Create | Villager (Male) |
| 0:01 | Create | Villager (Male) |
| 0:01 | Create | Villager (Male) |
| 0:02 | Create | Villager (Male) |
| 0:03 | Build | House |
| 0:05 | Build | House |
| 0:11 | Create | Villager (Male) |
| 0:11 | Create | Villager (Male) |
| 1:30 | Create | Villager (Male) |
| 1:30 | Create | Villager (Male) |
| 1:48 | Build | Lumber Camp |
| 2:06 | Create | Villager (Male) |
| 2:23 | Create | Villager (Male) |
| 2:23 | Create | Villager (Male) |
| 2:56 | Create | Villager (Male) |
| 2:56 | Create | Villager (Male) |
| 3:12 | Create | Villager (Male) |
| 3:12 | Create | Villager (Male) |
| 3:39 | Build | House |
| 3:40 | Build | House |
| 3:50 | Create | Villager (Male) |
| 3:50 | Create | Villager (Male) |
| 4:13 | Create | Villager (Male) |
| 4:13 | Create | Villager (Male) |
| 4:20 | Build | House |
| 4:45 | Create | Villager (Male) |
| 4:45 | Create | Villager (Male) |
| 4:49 | Create | Villager (Male) |
| 5:00 | Create | Villager (Male) |
| 5:00 | Create | Villager (Male) |
| 5:50 | Create | Villager (Male) |
| 5:50 | Create | Villager (Male) |
| 6:16 | Build | Mill |
| 6:21 | Create | Villager (Male) |
| 6:21 | Create | Villager (Male) |
| 6:22 | Create | Villager (Male) |
| 7:10 | Create | Villager (Male) |
| 7:10 | Create | Villager (Male) |
| 7:11 | Create | Villager (Male) |
| 7:20 | Create | Villager (Male) |
| 7:20 | Create | Villager (Male) |
| 7:21 | Create | Villager (Male) |
| 7:52 | Create | Villager (Male) |
| 7:52 | Create | Villager (Male) |
| 7:53 | Create | Villager (Male) |
| 9:22 | Research | Feudal Age |
| 9:22 | Research | Feudal Age |
| 10:02 | Create | Villager (Male) |
| 10:02 | Create | Villager (Male) |
| 11:39 | Age | Feudal Age |
| 11:52 | Build | Market |
| 12:06 | Build | Blacksmith |
| 12:21 | Build | Farm |
| 12:22 | Build | Farm |
| 12:22 | Build | Farm |
| 12:22 | Build | Farm |
| 12:23 | Build | Farm |
| 12:23 | Build | Farm |
| 12:23 | Build | Farm |
| 12:23 | Build | Farm |
| 12:31 | Build | Farm |
| 12:44 | Research | Horse Collar |
| 12:47 | Research | Double-Bit Axe |
| 13:08 | Research | Castle Age |
| 13:09 | Research | Castle Age |
| 13:23 | Build | Farm |
| 13:47 | Build | House |
| 13:48 | Build | House |
| 13:49 | Build | House |
| 15:28 | Build | House |
| 15:34 | Age | Castle Age |
| 15:36 | Build | Town Center |
| 15:42 | Build | Town Center |
| 15:47 | Create | Villager (Male) |
| 15:47 | Create | Villager (Male) |
| 15:56 | Build | Farm |
| 15:57 | Build | Farm |
| 15:58 | Build | Farm |
| 16:00 | Build | Farm |
| 16:00 | Build | Farm |
| 16:02 | Build | Farm |
| 16:09 | Build | Farm |
| 16:10 | Build | Farm |
| 16:11 | Build | Farm |
| 16:12 | Build | Farm |
| 16:12 | Build | Farm |
| 16:13 | Build | Farm |
| 16:13 | Build | Farm |
| 16:13 | Build | Farm |
| 16:15 | Create | Villager (Male) |
| 16:23 | Build | House |
| 16:28 | Build | Farm |
| 16:29 | Build | Farm |
| 16:32 | Create | Villager (Male) |
| 16:48 | Build | House |
| 16:50 | Build | House |
| 16:56 | Create | Villager (Male) |
| 17:04 | Create | Villager (Male) |
| 17:04 | Create | Villager (Male) |
| 17:13 | Create | Villager (Male) |
| 17:13 | Create | Villager (Male) |
| 17:14 | Create | Villager (Male) |
| 17:14 | Create | Villager (Male) |
| 17:14 | Create | Villager (Male) |
| 17:15 | Create | Villager (Male) |
| 17:15 | Create | Villager (Male) |
| 17:21 | Build | Farm |
| 17:22 | Build | Farm |
| 17:23 | Build | Farm |
| 17:29 | Create | Villager (Male) |
| 17:29 | Create | Villager (Male) |
| 17:37 | Create | Villager (Male) |
| 17:47 | Build | House |
| 17:48 | Build | House |
| 17:49 | Build | House |
| 17:50 | Build | House |
| 17:52 | Build | House |
| 17:52 | Build | House |
| 17:54 | Build | House |
| 17:55 | Build | House |
| 17:57 | Build | House |
| 17:58 | Build | House |
| 17:59 | Build | House |
| 18:03 | Create | Villager (Male) |
| 18:11 | Build | Farm |
| 18:11 | Build | Farm |
| 18:15 | Create | Villager (Male) |
| 18:25 | Create | Villager (Male) |
| 18:25 | Create | Villager (Male) |
| 18:25 | Create | Villager (Male) |
| 18:40 | Build | Farm |
| 18:43 | Create | Villager (Male) |
| 18:44 | Create | Villager (Male) |
| 18:48 | Build | House |
| 18:55 | Build | Farm |
| 18:56 | Build | Farm |
| 19:05 | Create | Villager (Male) |
| 19:05 | Create | Villager (Male) |
| 19:06 | Create | Villager (Male) |
| 19:16 | Build | Farm |
| 19:17 | Build | Farm |
| 19:23 | Create | Villager (Male) |
| 19:24 | Create | Villager (Male) |
| 19:37 | Research | Coinage |
| 19:37 | Research | Coinage |
| 19:45 | Build | Farm |
| 19:46 | Build | Farm |
| 19:47 | Build | Farm |
| 19:48 | Build | Farm |
| 19:54 | Create | Villager (Male) |
Build order — FxSquale
87 actions detected in the replay
| 0:02 | Build | House |
| 0:04 | Create | Villager (Male) |
| 0:08 | Build | House |
| 0:16 | Create | Villager (Male) |
| 0:17 | Create | Villager (Male) |
| 0:17 | Create | Villager (Male) |
| 1:22 | Create | Villager (Male) |
| 1:22 | Create | Villager (Male) |
| 1:48 | Build | Lumber Camp |
| 1:49 | Create | Villager (Male) |
| 2:06 | Create | Villager (Male) |
| 2:36 | Create | Villager (Male) |
| 2:36 | Create | Villager (Male) |
| 2:41 | Create | Villager (Male) |
| 3:04 | Build | House |
| 3:11 | Build | House |
| 3:12 | Build | House |
| 3:16 | Create | Villager (Male) |
| 3:28 | Create | Villager (Male) |
| 4:19 | Create | Villager (Male) |
| 4:40 | Create | Villager (Male) |
| 4:48 | Build | Mill |
| 5:10 | Create | Villager (Male) |
| 5:51 | Create | Villager (Male) |
| 6:20 | Create | Villager (Male) |
| 6:28 | Create | Villager (Male) |
| 6:48 | Create | Villager (Male) |
| 7:16 | Build | Mining Camp |
| 7:18 | Create | Villager (Male) |
| 7:52 | Research | Feudal Age |
| 7:52 | Research | Feudal Age |
| 8:09 | Build | Farm |
| 8:19 | Build | House |
| 8:46 | Create | Villager (Male) |
| 8:47 | Create | Villager (Male) |
| 10:10 | Age | Feudal Age |
| 10:12 | Build | Market |
| 10:15 | Build | Blacksmith |
| 10:49 | Build | Farm |
| 11:11 | Create | Villager (Male) |
| 11:16 | Build | Farm |
| 12:11 | Research | Castle Age |
| 12:31 | Build | House |
| 12:48 | Research | Double-Bit Axe |
| 13:21 | Create | Villager (Male) |
| 13:39 | Build | Mining Camp |
| 14:49 | Research | Loom |
| 14:51 | Age | Castle Age |
| 14:56 | Build | Town Center |
| 14:59 | Create | Villager (Male) |
| 15:10 | Build | Farm |
| 15:12 | Create | Villager (Male) |
| 15:31 | Create | Villager (Male) |
| 16:08 | Build | Farm |
| 16:17 | Build | Farm |
| 16:18 | Build | Farm |
| 16:19 | Create | Villager (Male) |
| 16:24 | Research | Wheelbarrow |
| 16:28 | Build | Farm |
| 16:29 | Create | Villager (Male) |
| 16:33 | Build | Farm |
| 16:35 | Build | Farm |
| 16:41 | Research | Bow Saw |
| 16:49 | Build | Farm |
| 16:56 | Create | Villager (Male) |
| 17:07 | Build | Farm |
| 17:10 | Create | Villager (Male) |
| 17:14 | Build | Farm |
| 17:39 | Build | Farm |
| 17:45 | Create | Villager (Male) |
| 17:46 | Research | Horse Collar |
| 17:56 | Create | Villager (Male) |
| 18:10 | Create | Villager (Male) |
| 18:13 | Build | Farm |
| 18:17 | Build | Farm |
| 18:25 | Create | Villager (Male) |
| 18:32 | Build | House |
| 18:37 | Create | Villager (Male) |
| 18:46 | Build | House |
| 18:51 | Create | Villager (Male) |
| 18:53 | Build | Farm |
| 19:08 | Create | Villager (Male) |
| 19:30 | Build | House |
| 19:30 | Build | House |
| 19:41 | Create | Villager (Male) |
| 19:57 | Build | University |
| 20:00 | Create | Villager (Male) |
Build order — 赢是我太强 输是队友烂
6 actions detected in the replay
| 0:02 | Create | Villager (Male) |
| 0:02 | Create | Villager (Male) |
| 0:03 | Create | Villager (Male) |
| 0:04 | Build | House |
| 0:05 | Build | House |
| 0:12 | Create | Villager (Male) |
Build order — Sergio
30 actions detected in the replay
| 0:02 | Build | House |
| 0:03 | Build | House |
| 0:04 | Create | Villager (Male) ×5 |
| 0:05 | Create | Villager (Male) ×5 |
| 1:47 | Build | Palisade Wall |
| 1:52 | Build | Palisade Gate |
| 1:55 | Build | Palisade Gate |
| 1:58 | Create | Villager (Male) |
| 1:58 | Create | Villager (Male) |
| 2:16 | Create | Villager (Male) |
| 2:16 | Create | Villager (Male) |
| 2:54 | Create | Villager (Male) |
| 2:54 | Create | Villager (Male) |
| 2:55 | Create | Villager (Male) |
| 3:21 | Create | Villager (Male) ×2 |
| 3:22 | Create | Villager (Male) ×2 |
| 3:22 | Create | Villager (Male) ×2 |
| 3:51 | Build | House |
| 3:52 | Build | House |
| 4:02 | Build | Lumber Camp |
| 4:23 | Create | Villager (Male) |
| 4:23 | Create | Villager (Male) |
| 4:42 | Create | Villager (Male) |
| 4:42 | Create | Villager (Male) |
| 4:56 | Create | Villager (Male) |
| 5:24 | Create | Villager (Male) |
| 5:24 | Create | Villager (Male) |
| 5:48 | Build | Mill |
| 5:57 | Create | Villager (Male) |
| 5:57 | Create | Villager (Male) |
Build order — τττPleaseAttackMyTeamatesFirs
37 actions detected in the replay
| 0:06 | Research | Loom |
| 0:44 | Create | Villager (Male) |
| 0:44 | Create | Villager (Male) |
| 1:10 | Create | Villager (Male) |
| 1:10 | Create | Villager (Male) |
| 1:34 | Create | Villager (Male) |
| 1:34 | Create | Villager (Male) |
| 1:34 | Create | Villager (Male) |
| 1:35 | Create | Villager (Male) |
| 1:59 | Create | Villager (Male) |
| 1:59 | Create | Villager (Male) |
| 2:00 | Create | Villager (Male) |
| 2:23 | Create | Villager (Male) |
| 2:23 | Create | Villager (Male) |
| 2:23 | Create | Villager (Male) |
| 2:50 | Create | Villager (Male) |
| 2:50 | Create | Villager (Male) |
| 2:50 | Create | Villager (Male) |
| 2:50 | Create | Villager (Male) |
| 3:07 | Create | Villager (Male) |
| 3:08 | Create | Villager (Male) |
| 3:15 | Create | Villager (Male) |
| 3:15 | Create | Villager (Male) |
| 3:33 | Build | House |
| 3:34 | Build | House |
| 3:54 | Build | House |
| 3:55 | Create | Villager (Male) |
| 3:55 | Create | Villager (Male) |
| 3:55 | Create | Villager (Male) |
| 3:55 | Create | Villager (Male) |
| 3:56 | Create | Villager (Male) |
| 5:24 | Build | Lumber Camp |
| 5:26 | Create | Villager (Male) |
| 5:26 | Create | Villager (Male) |
| 5:27 | Create | Villager (Male) |
| 5:48 | Create | Villager (Male) |
| 5:48 | Create | Villager (Male) |
Build order — Dr. Kenzo Tenma
94 actions detected in the replay
| 0:04 | Create | Villager (Male) |
| 0:05 | Build | House |
| 0:07 | Build | House |
| 0:13 | Create | Villager (Male) |
| 0:13 | Create | Villager (Male) |
| 0:21 | Create | Villager (Male) |
| 0:21 | Create | Villager (Male) |
| 1:27 | Create | Villager (Male) |
| 1:27 | Create | Villager (Male) |
| 1:52 | Build | Lumber Camp |
| 2:01 | Create | Villager (Male) |
| 2:02 | Create | Villager (Male) |
| 2:20 | Create | Villager (Male) |
| 2:20 | Create | Villager (Male) |
| 2:48 | Create | Villager (Male) |
| 3:14 | Create | Villager (Male) |
| 3:14 | Create | Villager (Male) |
| 3:31 | Build | House |
| 3:32 | Build | House |
| 3:44 | Create | Villager (Male) |
| 3:45 | Create | Villager (Male) |
| 4:02 | Create | Villager (Male) |
| 4:02 | Create | Villager (Male) |
| 4:02 | Create | Villager (Male) |
| 4:58 | Create | Villager (Male) |
| 4:58 | Create | Villager (Male) |
| 4:58 | Create | Villager (Male) |
| 4:59 | Create | Villager (Male) |
| 5:07 | Build | Mill |
| 5:24 | Create | Villager (Male) |
| 5:25 | Create | Villager (Male) |
| 5:58 | Create | Villager (Male) |
| 5:58 | Create | Villager (Male) |
| 5:58 | Create | Villager (Male) |
| 6:18 | Create | Villager (Male) |
| 6:21 | Create | Villager (Male) |
| 6:21 | Create | Villager (Male) |
| 6:21 | Create | Villager (Male) |
| 6:35 | Build | Farm |
| 6:37 | Build | Farm |
| 6:48 | Create | Villager (Male) |
| 6:48 | Create | Villager (Male) |
| 6:49 | Create | Villager (Male) |
| 7:05 | Create | Villager (Male) |
| 7:06 | Create | Villager (Male) |
| 7:06 | Create | Villager (Male) |
| 7:22 | Create | Villager (Male) |
| 7:23 | Create | Villager (Male) |
| 7:50 | Build | Mining Camp |
| 7:55 | Create | Villager (Male) |
| 8:32 | Build | Mining Camp |
| 8:44 | Research | Feudal Age |
| 9:01 | Build | House |
| 9:33 | Build | Farm |
| 9:51 | Build | Farm |
| 10:53 | Create | Villager (Male) |
| 10:59 | Age | Feudal Age |
| 11:33 | Research | Castle Age |
| 11:33 | Research | Castle Age |
| 12:51 | Build | House |
| 12:51 | Build | House |
| 12:54 | Research | Double-Bit Axe |
| 12:54 | Research | Double-Bit Axe |
| 12:54 | Research | Double-Bit Axe |
| 12:56 | Research | Horse Collar |
| 12:56 | Research | Horse Collar |
| 14:13 | Age | Castle Age |
| 14:15 | Build | Siege Workshop |
| 14:15 | Create | Villager (Male) |
| 14:41 | Create | Battering Ram |
| 14:52 | Create | Villager (Male) |
| 15:02 | Build | Castle |
| 15:17 | Build | Outpost |
| 15:24 | Create | Villager (Male) |
| 15:40 | Create | Villager (Male) |
| 15:41 | Build | Farm |
| 15:56 | Create | Villager (Male) |
| 15:56 | Build | Farm |
| 16:25 | Build | Outpost |
| 16:34 | Build | Mining Camp |
| 16:48 | Create | Ballista Elephant |
| 16:56 | Create | Villager (Male) |
| 16:58 | Research | Loom |
| 17:01 | Create | Villager (Male) |
| 17:23 | Create | Battering Ram |
| 17:50 | Create | Villager (Male) |
| 18:01 | Create | Villager (Male) |
| 18:04 | Create | Battering Ram |
| 18:04 | Create | Battering Ram |
| 18:38 | Create | Battering Ram |
| 18:39 | Create | Battering Ram |
| 18:44 | Create | Villager (Male) |
| 19:34 | Create | Mangonel |
| 20:16 | Create | Ballista Elephant |
Build order — Ares_Hong Bang- Trieu Dynasty
36 actions detected in the replay
| 0:04 | Create | Villager (Male) |
| 0:05 | Create | Villager (Male) |
| 0:05 | Create | Villager (Male) |
| 0:05 | Create | Villager (Male) |
| 0:07 | Build | House |
| 0:09 | Build | House |
| 1:26 | Create | Villager (Male) |
| 1:27 | Create | Villager (Male) |
| 1:27 | Create | Villager (Male) |
| 1:49 | Create | Villager (Male) |
| 1:49 | Create | Villager (Male) |
| 2:11 | Build | Lumber Camp |
| 2:14 | Create | Villager (Male) |
| 2:45 | Create | Villager (Male) |
| 2:45 | Create | Villager (Male) |
| 2:45 | Create | Villager (Male) |
| 3:08 | Build | House |
| 3:09 | Build | House |
| 3:27 | Create | Villager (Male) |
| 3:27 | Create | Villager (Male) |
| 3:27 | Create | Villager (Male) |
| 3:31 | Create | Villager (Male) |
| 3:57 | Create | Villager (Male) |
| 3:57 | Create | Villager (Male) |
| 3:57 | Create | Villager (Male) |
| 4:18 | Create | Villager (Male) |
| 4:19 | Create | Villager (Male) |
| 4:57 | Create | Villager (Male) |
| 4:57 | Create | Villager (Male) |
| 4:58 | Create | Villager (Male) |
| 5:05 | Build | House |
| 5:30 | Create | Villager (Male) |
| 5:30 | Create | Villager (Male) |
| 5:43 | Build | Mill |
| 5:49 | Create | Villager (Male) |
| 5:49 | Create | Villager (Male) |
Build order — gjizhijian6866
103 actions detected in the replay
| 0:03 | Create | Villager (Male) |
| 0:03 | Create | Villager (Male) |
| 0:03 | Create | Villager (Male) |
| 0:04 | Build | House |
| 0:06 | Build | House |
| 0:19 | Create | Villager (Male) |
| 1:28 | Create | Villager (Male) |
| 2:03 | Create | Villager (Male) |
| 2:03 | Create | Villager (Male) |
| 2:19 | Create | Villager (Male) |
| 2:19 | Create | Villager (Male) |
| 2:21 | Build | Lumber Camp |
| 2:49 | Create | Villager (Male) |
| 2:49 | Create | Villager (Male) |
| 2:49 | Create | Villager (Male) |
| 3:05 | Create | Villager (Male) |
| 3:06 | Create | Villager (Male) |
| 3:06 | Create | Villager (Male) |
| 3:36 | Create | Villager (Male) |
| 3:36 | Create | Villager (Male) |
| 3:56 | Build | House |
| 4:06 | Create | Villager (Male) |
| 4:07 | Create | Villager (Male) |
| 4:16 | Build | Mill |
| 4:34 | Create | Villager (Male) |
| 4:35 | Create | Villager (Male) |
| 4:35 | Create | Villager (Male) |
| 5:11 | Build | House |
| 5:17 | Create | Villager (Male) |
| 5:21 | Create | Villager (Male) |
| 5:21 | Create | Villager (Male) |
| 5:21 | Create | Villager (Male) |
| 5:58 | Build | Farm |
| 6:08 | Build | Farm |
| 6:33 | Create | Villager (Male) |
| 7:00 | Create | Villager (Male) |
| 7:12 | Build | Mill |
| 7:30 | Create | Villager (Male) |
| 7:41 | Build | Mining Camp |
| 8:00 | Create | Villager (Male) |
| 8:11 | Create | Villager (Male) |
| 8:41 | Build | Mining Camp |
| 8:46 | Research | Feudal Age |
| 8:46 | Research | Feudal Age |
| 9:33 | Build | House |
| 10:55 | Create | Villager (Male) |
| 11:00 | Age | Feudal Age |
| 11:04 | Build | Market |
| 11:10 | Create | Villager (Male) |
| 11:25 | Build | Blacksmith |
| 11:54 | Research | Castle Age |
| 11:55 | Research | Castle Age |
| 12:24 | Research | Double-Bit Axe |
| 12:25 | Research | Double-Bit Axe |
| 12:25 | Research | Double-Bit Axe |
| 13:04 | Research | Horse Collar |
| 13:05 | Research | Horse Collar |
| 13:31 | Build | House |
| 14:34 | Age | Castle Age |
| 14:37 | Create | Villager (Male) |
| 14:48 | Create | Villager (Male) |
| 15:11 | Build | Castle |
| 15:24 | Create | Villager (Male) |
| 15:32 | Build | Gate |
| 15:37 | Create | Villager (Male) |
| 15:50 | Research | Fletching |
| 15:50 | Research | Fletching |
| 16:01 | Create | Villager (Male) |
| 16:06 | Build | Farm |
| 16:34 | Build | Siege Workshop |
| 16:36 | Create | Petard |
| 16:39 | Build | Mining Camp |
| 16:40 | Create | Villager (Male) |
| 16:46 | Research | Bodkin Arrow |
| 16:47 | Research | Bodkin Arrow |
| 16:52 | Create | Petard |
| 17:00 | Build | Gate |
| 17:02 | Create | Villager (Male) |
| 17:03 | Build | Farm |
| 17:08 | Build | Farm |
| 17:17 | Create | Battering Ram |
| 17:21 | Create | Villager (Male) |
| 17:23 | Build | Farm |
| 17:26 | Build | Farm |
| 17:30 | Create | Battering Ram |
| 17:39 | Build | Farm |
| 17:42 | Research | Loom |
| 17:42 | Research | Loom |
| 17:51 | Create | Petard |
| 17:51 | Create | Petard |
| 18:26 | Create | Petard |
| 18:29 | Create | Battering Ram |
| 18:40 | Build | Farm |
| 18:56 | Create | Villager (Male) |
| 18:57 | Create | Villager (Male) |
| 18:57 | Create | Villager (Male) |
| 19:18 | Create | Petard |
| 19:25 | Build | Farm |
| 19:26 | Create | Villager (Male) |
| 19:26 | Create | Villager (Male) |
| 19:53 | Create | Petard |
| 19:54 | Create | Petard |
| 19:57 | Create | Battering Ram |
Match timeline
| 1:47 | Sergio · wall_segment Palisade Wall x1 |
| 5:39 | 赢是我太强 输是队友烂 · resign |
| 10:10 | FxSquale · age_up feudal |
| 10:59 | Dr. Kenzo Tenma · age_up feudal |
| 11:00 | gjizhijian6866 · age_up feudal |
| 11:39 | TdB.victor2.01 · age_up feudal |
| 14:13 | Dr. Kenzo Tenma · age_up castle |
| 14:15 | Dr. Kenzo Tenma · first_building Siege Workshop |
| 14:34 | gjizhijian6866 · age_up castle |
| 14:51 | FxSquale · age_up castle |
| 15:02 | Dr. Kenzo Tenma · first_building Castle |
| 15:11 | gjizhijian6866 · first_building Castle |
| 15:34 | TdB.victor2.01 · age_up castle |
| 16:34 | gjizhijian6866 · first_building Siege Workshop |
[ AI ANALYSIS · 1 CREDIT ]
What really happened in this match?
Wolo.gg analyzes every decision: build order, eco, micro, common mistakes by bracket. Personalized analysis on WhatsApp or Discord in 30 seconds.
Civ guide
Persians
Perfil
Jugador #786723